Map: Frozen Temple

Players

Miszu - Winner!

  • Race: Terran Terran
  • League: Grandmaster

IIIIIIIIIIII

  • Race: Terran Terran
  • League: Master

VOD

Have the link to the VOD?

Description

Time

  • Played on: May 11, 2016, 4:43 p.m.
  • Length: 4:38
Show
View Real Time Build Order
Export as new Build Order

Miszu Terran - Winner!

Build Orders: 1/1/1 

Get SALT Encoding   

  12  0:00  SCV  
  13  0:13  SCV  
  14  0:17  Supply Depot  
  14  0:25  SCV  
  15  0:35  Refinery  
  15  0:39  SCV  
  16  0:45  Barracks  
  16  0:51  SCV  
  16  0:54  Refinery  
  17  1:03  SCV  
  18  1:15  SCV  
  19  1:27  SCV  
  20  1:32  Factory  
  20  1:36  Reaper  
  21  1:40  Orbital Command  
  21  1:49  Supply Depot  
  21  2:05  SCV  
  22  2:08  Reaper  
  23  2:17  Starport, Hellion  
  23  2:19  SCV  
  26  2:24  Supply Depot  
  26  2:31  SCV  
  27  2:39  Hellion  
  27  2:41  Reaper  
  30  2:53  Medivac  
  30  2:55  SCV  
  30  2:57  Supply Depot  
  33  3:03  Hellion  
  35  3:13  Barracks Tech Lab  
  35  3:23  Viking  
  37  3:27  Factory Tech Lab  
  37  3:33  Command Center  
  37  3:50  SCV  
  37  3:51  Cyclone  
  37  3:53  Viking  
  39  4:18  SCV  
Show
View Real Time Build Order
Export as new Build Order

IIIIIIIIIIII Terran 

Build Orders: 1/1/1, Banshee Rush 

Get SALT Encoding   

  12  0:00  SCV  
  13  0:13  SCV  
  14  0:18  Supply Depot  
  14  0:24  Refinery  
  14  0:29  SCV  
  15  0:43  Barracks  
  15  0:46  SCV  
  16  0:58  SCV  
  16  1:03  Refinery  
  17  1:10  SCV  
  18  1:30  Factory  
  18  1:31  Orbital Command  
  18  1:37  Reaper  
  19  1:55  Supply Depot  
  19  1:56  SCV  
  20  2:08  SCV  
  20  2:09  Reaper  
  22  2:17  Hellion  
  22  2:22  Starport  
  24  2:25  SCV  
  25  2:38  Hellion  
  25  2:41  SCV  
  25  2:42  Barracks Tech Lab  
  28  2:50  Supply Depot  
  28  2:53  SCV  
  29  3:03  Widow Mine  
  31  3:07  Barracks Reactor  
  31  3:10  Cloaking Field  
  31  3:11  Viking  
  32  3:32  Command Center  
  32  3:38  Factory Tech Lab  
  32  3:40  Supply Depot  
  32  3:45  Raven  
  34  3:49  SCV  
  34  3:55  Marine x2  
  35  4:02  SCV  
  35  4:14  SCV  
Tags
 
Add a new tag
Caveats
  • Supply blocks, unpowered buildings, or Contaminate may cause inaccurate times.
  • Supply counts are checked every 10 seconds.